[Event "Vienna Championship 2022"]
[Site "Vienna"]
[Date "2022.09.25"]
[Round "9.1"]
[White "Stanec, Nikolaus"]
[Black "Schwabeneder, Florian"]
[Result "1/2-1/2"]
[WhiteElo "2458"]
[BlackElo "2417"]
[Annotator "TA"]
[PlyCount "32"]
[EventDate "2022.09.17"]
[EventType "tourn"]
[EventCountry "AUT"]
[SourceTitle "playchess.com"]
[Source "ChessBase"]
[SourceQuality "1"]
[TimeControl "5400+30"]

1. d4 d5 2. c4 e6 3. Nc3 Nf6 4. Nf3 Bb4 5. e3 O-O 6. Bd3 b6 7. O-O Ba6 {[%emt 0:00:44] E52: Nimzo-Indian: Rubinstein: 4...0-0 5 Nf3 d5 6 Bd3 b6.} 8. cxd5 Bxd3 9. Qxd3 {[%emt 0:00:06] [#] Black must now prevent dxe6.} exd5 10. Bd2 {[%emt 0:00:30] [#] A balanced but interesting game.  Weighted Error Value: White=0.00 (flawless) /Black=0.02 (flawless)} {Predecessor:} Re8 $146 11. Rfc1 c6 12. Ne2 Bd6 13. b4 a6 14. a4 Qe7 15. Rab1 Ra7 16. Ng3 g6 {0-1 (70) Vidit,S (2727)-Tabatabaei,M (2623) Chess.com INT 2022} 1/2-1/2

[Event "Vienna Championship 2022"]
[Site "Vienna"]
[Date "2022.09.25"]
[Round "9.2"]
[White "Peyrer, Konstantin"]
[Black "Atzl, Florian"]
[Result "0-1"]
[ECO "B40"]
[WhiteElo "2402"]
[BlackElo "2155"]
[Annotator "TA"]
[PlyCount "80"]
[EventDate "2022.09.17"]
[EventType "tourn"]
[EventCountry "AUT"]
[SourceTitle "playchess.com"]
[Source "ChessBase"]
[SourceQuality "1"]
[TimeControl "5400+30"]

1. e4 c5 2. Nf3 e6 3. Nc3 a6 4. Be2 Qc7 5. d4 cxd4 6. Qxd4 {[%emt 0:00:05] B40: Sicilian: 2...e6, Unusual lines.} Nc6 7. Qe3 Nf6 8. O-O {[%emt 0:01:39] The position is equal.} Be7 {[%emt 0:02:04] [#]} 9. Qg5 $146 {[%emt 0:05:57] e5 is the strong threat.} ({Predecessor:} 9. Qf4 Bd6 10. Qh4 O-O 11. Bd3 Be7 12. Rd1 d6 13. Qg3 Nd7 14. a4 Nde5 15. Nxe5 Nxe5 {0-1 (42) Rodriguez Perez,R (2183)-Baranyuk,A (2262) ICCF email 2013}) 9... Nxe4 10. Qxg7 $16 Bf6 11. Qh6 $36 {[%emt 0:00:07][%mdl 2048] White is really pushing.} Nxc3 12. bxc3 Bxc3 13. Bf4 ({White should try} 13. Rb1 $16) 13... Qa5 (13... Qd8 $1 $11) 14. Rad1 {[%emt 0:04:15][%mdl 1024] White has strong compensation.} Qf5 (14... Qxa2 $2 15. Ng5 Qb2 16. Qh5 $18) 15. Bd6 Rg8 16. Qe3 {[%emt 0:03:49] Inhibits Qe4.} Bf6 17. g3 Qxc2 (17... Be7 $16) 18. Bd3 $1 $18 Qxa2 (18... Qb2 19. Bxh7 Rh8) 19. Bxh7 Rh8 20. Qf4 Qb2 (20... Be7 $142 21. Ng5 e5) 21. Rd2 Qc3 22. Rd3 Qb2 23. Ba3 Qb5 (23... Be5 $142 24. Bxb2 Bxf4 25. Bxh8 Bh6) 24. Qxf6 ({Less strong is} 24. Bg6 fxg6 25. Qxf6 Rg8 $14) 24... Rxh7 25. Ng5 $2 Qxd3 $14 26. Nxh7 Qxh7 (26... d6 $14 27. Qh8+ Kd7 28. Nf6+ Ke7) 27. Bd6 $18 b5 28. Rc1 {[%emt 0:00:06][%cal Oc1c6] Rxc6! would kill now.} Ra7 29. h4 (29. Rc5 $142 Qb1+ 30. Rc1 Qh7 31. Rc5 b4 32. h4 b3 33. Rg5 b2 34. Qxb2) 29... b4 30. Rc4 (30. Rc5 $142 {Threatening mate with Rg5.} b3 31. Rg5) 30... b3 {[%emt 0:05:36] [#]} 31. Rg4 $2 (31. Kh2 $1 $18 {White threatens Rg4 and mate.} b2 32. Qxb2) 31... b2 $1 $11 32. Qxb2 {[%emt 0:00:35] Intending Qf6 and mate.} Ne7 $1 {[%emt 0:02:02] Hoping for ...Rb7.} 33. Qf6 $2 {[%emt 0:00:28][%mdl 8192] [#]} (33. Rg5 $11 {and White stays safe.} Bb7 34. f3) 33... Nf5 $1 $19 34. Ba3 (34. Bf4 {was called for.} d6 35. Bg5) 34... Rb7 {[%emt 0:02:37] ( -> ...Rb1+)} 35. Bb2 d5 36. Qc3 (36. Ba3 {was worth a try.}) 36... Ne7 {[%emt 0:05:17][%cal Oe6e5] aiming for ...e5! Black is clearly winning.} 37. Ba3 Bd7 38. Rg7 (38. Rb4 $142 Bb5 39. h5) 38... Qe4 39. f3 Rb1+ 40. Bc1 Qc4 {[%emt 0:01:46] Weighted Error Value: White=0.97/Black=0.47} 0-1

[Event "Vienna Championship 2022"]
[Site "Vienna"]
[Date "2022.09.25"]
[Round "9.3"]
[White "Leisch, Lukas"]
[Black "Steindl, Johannes"]
[Result "1-0"]
[ECO "A62"]
[WhiteElo "2409"]
[BlackElo "2327"]
[Annotator "TA"]
[PlyCount "51"]
[EventDate "2022.09.17"]
[EventType "tourn"]
[EventCountry "AUT"]
[SourceTitle "playchess.com"]
[Source "ChessBase"]
[SourceQuality "1"]
[TimeControl "5400+30"]

1. c4 {[%emt 0:00:03] Postny,E} g6 2. d4 Nf6 3. g3 Bg7 4. Bg2 O-O 5. Nc3 d6 6. Nf3 c5 7. d5 e6 8. O-O Re8 9. Bf4 exd5 10. cxd5 Ne4 {[%emt 0:00:58] 10...Bf5 is a critical line.} 11. Nxe4 Rxe4 12. Nd2 {[%emt 0:00:14] A62: Modern Benoni: Fianchetto Variation without early ...Nbd7.} Rb4 (12... Rxf4 $11 13. gxf4 Bxb2) 13. a3 Rxf4 14. gxf4 {[%emt 0:00:06] The position is equal.} Bxb2 15. Rb1 Bg7 16. Qb3 Na6 17. Nc4 Rb8 18. a4 Nb4 19. e4 {[%emt 0:11:19][%cal Be2e4,Be4e5][%mdl 32] [#]} Qf6 $146 ({Black should play} 19... b6 $11) ({Predecessor:} 19... b6 20. e5 dxe5 21. fxe5 Bf5 22. Rbe1 Bd3 23. f4 Bxf1 24. Rxf1 Qd7 25. d6 Qf5 26. Ne3 Qe6 {½-½ (53) Postny,E (2641)-Leko,P (2734) Bilbao 2014 CBM 163 [Postny,E]}) 20. Qg3 $1 $14 {[%emt 0:01:56] e5 is the strong threat. White is more active.} Bh6 $2 {[%emt 0:00:07] [#] Loses the game.} ({Better is} 20... Bf8 $14) 21. e5 $1 $18 Qxf4 22. Nxd6 Bd7 23. Rfe1 {[%emt 0:08:37] aiming for e6.} Bxa4 {[%emt 0:07:29] [#]} (23... Qxg3 $142 24. hxg3 (24. fxg3 Bf8 $18) 24... Bf8) 24. e6 $1 {[%emt 0:02:23] Really sharp!} fxe6 25. dxe6 Qd4 $2 (25... Qxg3 26. hxg3 Bd2) 26. Nf5 {[%emt 0:12:23] Weighted Error Value: White=0.13 (very precise) /Black=0.46} 1-0

[Event "Vienna Championship 2022"]
[Site "Vienna"]
[Date "2022.09.25"]
[Round "9.4"]
[White "Kruckenhauser, Arthur"]
[Black "Vitouch, Anatol"]
[Result "1/2-1/2"]
[ECO "C42"]
[WhiteElo "2289"]
[BlackElo "2252"]
[Annotator "TA"]
[PlyCount "31"]
[EventDate "2022.09.17"]
[EventType "tourn"]
[EventCountry "AUT"]
[SourceTitle "playchess.com"]
[Source "ChessBase"]
[SourceQuality "1"]
[TimeControl "5400+30"]

1. e4 e5 2. Nf3 Nf6 3. Nxe5 d6 4. Nf3 Nxe4 5. Nc3 Nf6 6. d4 Be7 7. Bd3 O-O 8. Bf4 {[%emt 0:07:35] 8.0-0 is the modern continuation. C42: Petroff Defence: 3 Nxe5 and unusual White 3rd moves.} Re8 9. O-O Bg4 10. Re1 {[%emt 0:02:36] White has an edge.} Nbd7 {[%emt 0:00:18] [#]} 11. Be2 $146 ({Predecessor:} 11. h3 Bh5 12. Re3 c6 13. Qd2 Bxf3 14. Rxf3 Qb6 15. b3 Qxd4 16. Bxh7+ Kxh7 17. Qxd4 {1-0 (27) Kuprijanov,E-Pustovalov,R Serpukhov 2001}) 11... a6 12. a4 d5 13. h3 Bh5 14. g4 Bg6 15. Ne5 (15. g5 $5 Nh5 16. Be3 $11) 15... Nxe5 16. Bxe5 {[%emt 0:10:11] Not much happened in this game.  Weighted Error Value: White=0.19 (very precise) /Black=0.13 (very precise)} ({Better is} 16. dxe5 $11 Ne4 17. Nxe4 (17. Nxd5 $2 Bc5 $19) 17... Bxe4 18. Bd3) 1/2-1/2

[Event "Vienna Championship 2022"]
[Site "Vienna"]
[Date "2022.09.25"]
[Round "9.5"]
[White "Halvax, Georg"]
[Black "Baumegger, Siegfried"]
[Result "1/2-1/2"]
[ECO "E14"]
[WhiteElo "2423"]
[BlackElo "2447"]
[Annotator "TA"]
[PlyCount "94"]
[EventDate "2022.09.17"]
[EventType "tourn"]
[EventCountry "AUT"]
[SourceTitle "playchess.com"]
[Source "ChessBase"]
[SourceQuality "1"]
[TimeControl "5400+30"]

1. d4 Nf6 2. c4 e6 3. Nf3 Bb4+ 4. Nbd2 b6 5. a3 Bxd2+ 6. Qxd2 Bb7 7. e3 O-O 8. b4 a5 9. b5 d6 10. Bb2 Nbd7 11. Be2 Ne4 {[%emt 0:02:28] E14: Queen's Indian: Classical Variation (4 e3).} 12. Qc2 f5 13. O-O Rf6 14. d5 {[%emt 0:02:08] [#]} Rg6 $146 ({Predecessor:} 14... Rh6 15. g3 Ndc5 16. Rad1 Qe7 17. Nd4 Qg5 18. Kg2 Rf8 19. Rh1 exd5 20. Nf3 Qh5 21. cxd5 {½-½ (30) Van Wely,L (2675)-Papaioannou,I (2637) Achaia 2017}) 15. Nd4 Ndc5 16. f4 Qe7 17. Bf3 Rf8 (17... exd5 $11 18. cxd5 Qf7) 18. Nxe6 $14 Nxe6 19. Bxe4 Nc5 $1 20. Bxf5 (20. Bf3 $1 $14) 20... Qxe3+ $11 21. Kh1 Rxf5 22. Qxf5 Qe2 23. g3 Ne4 $19 (23... Qxb2 24. Rae1 Rf6 25. Re8+ Kf7 26. Qh5+ g6 27. Qxh7+ Kxe8 28. Qg8+ Ke7 29. Qg7+ Kd8 30. Qg8+ Ke7 31. Qg7+ Kd8 32. Qg8+ Ke7 $11) 24. Bxg7 Kxg7 (24... Rxg7 25. Rac1 Rg6 26. Qh3 (26. Qd7 {is a self mate.} Nxg3+ 27. hxg3 Rh6+) 26... Nf2+ 27. Rxf2 Qxf2 28. Qh4 $17) 25. Qd7+ {[%emt 0:00:11] [#]} Kh8 $1 26. Qd8+ (26. Qe8+ $142 Rg8 27. Qf7) 26... Rg8 27. Qxc7 {[%emt 0:02:48] [#]} Qg4 $1 {[%emt 0:06:32][%cal Oe4g3] ( -> ...Nxg3+!)} 28. Rg1 Qf3+ 29. Rg2 Bc8 $2 (29... Nf2+ 30. Kg1 Nh3+ 31. Kh1 {[#]} Nxf4 $1 ) 30. Qxb6 Bh3 {[%emt 0:02:05][%csl Gh3][%cal Rf3g2][%mdl 64] Pin} 31. Qd4+ Rg7 {[%emt 0:00:07][%csl Gh3][%cal Rf3g2][%mdl 1024] Black has strong compensation.} 32. Raa2 (32. Qb2 Bxg2+ 33. Qxg2) 32... Qf1+ 33. Rg1 Qf3+ $40 {[%emt 0:00:03][%mdl 128] Black is up to no good.} 34. Rgg2 $1 Bxg2+ 35. Rxg2 Qf1+ 36. Qg1 Qxc4 37. Qd1 Qxb5 38. Rc2 {[%emt 0:01:17] White threatens Rc8+ and mate.} h6 39. Kg2 Nf6 {[%emt 0:01:50] Inhibits Qh5.} 40. Re2 $2 (40. Rc8+ Rg8 41. Rc6) 40... Rc7 (40... Nxd5 $142 41. Re4 Nc3 42. Qxd6 Nxe4 43. Qxh6+ Kg8 44. Qe6+ Kf8 45. Qxe4 Re7) 41. Re6 (41. a4 $142 Qc4 42. Kh3) 41... Qb2+ 42. Kh3 (42. Re2 $142 Qxa3 43. Qd4) 42... Rc2 43. Qg1 Rd2 44. Rxd6 Rxd5 $2 ({Better is} 44... Kg7 $19 45. Rc6 (45. Qa7+ $2 Kg6 $19) 45... Rxd5 46. Rc7+ Kg8 47. Rc8+ Kh7 48. Rc7+ Kg8 49. Rc8+ Kf7 50. Rc7+ Kf8 51. Rc8+ Kf7 52. Rc7+ Kg8) 45. Rxd5 $11 {[%emt 0:01:17] The position is equal.} Nxd5 46. Qc5 Qd2 47. Qf8+ Kh7 {[%emt 0:00:06] Weighted Error Value: White=0.86/Black=0.88} 1/2-1/2